 Dungeon Crawl Stone Soup version 0.28-a0-1447-ga5a8893891 (webtiles) character file.

Game seed: 4925314185127003349

30532 HallandMoats the Fighter (level 13, -1/101 HPs)
             Began as a Gargoyle Fighter on Jan 12, 2022.
             Was a Priest of the Shining One.
             Slain by a boulder beetle (33 damage)
             ... on level 11 of the Dungeon.
             The game lasted 00:18:20 (11769 turns).

HallandMoats the Fighter (Gargoyle Fighter)        Turns: 11769, Time: 00:18:21

Health: -1/101     AC: 33    Str: 28    XL:     13   Next: 52%
Magic:  21/21      EV:  8    Int: 13    God:    the Shining One [***...]
Gold:   809        SH:  6    Dex: 17    Spells: 12/12 levels left

rFire   + . .      SeeInvis .   b - +7 long sword of Ohayw {freeze, rC+ Will++ rCorr Int-3}
rCold   + + .      Faith    .   c - +0 buckler
rNeg    + + .      Spirit   .   P - +0 gold dragon scales
rPois   ∞          Reflect  .   H - +0 helmet
rElec   +          Harm     .   i - +1 cloak
rCorr   +          Rampage  .   t - +0 pair of gloves
Will    ++...                   h - +0 pair of boots
Stlth   ..........              s - amulet of Vitality {Regen+ HP+15}
HPRegen 1.06/turn               G - ring "Ropn" {rElec rPois Str+6 Int+6}
MPRegen 0.17/turn               N - +6 ring of dexterity

@: about to teleport, glowing
A: sickness immunity, AC +9, negative energy resistance 1, electricity
resistance, torment resistance 1, petrification resistance
a: Renounce Religion, Divine Shield, Cleansing Flame


You were on level 11 of the Dungeon.
You worshipped the Shining One.
The Shining One was most pleased with you.
You visited 2 branches of the dungeon, and saw 13 of its levels.
You also visited: Sewer.

You collected 809 gold pieces.

Inventory:

Hand Weapons
 b - the +7 long sword of Ohayw (weapon) {freeze, rC+ Will++ rCorr Int-3}
   (You found it on level 4 of the Dungeon)

   It freezes those it strikes, dealing additional cold damage.
   It can also slow down cold-blooded creatures.
   Int:       It affects your intelligence (-3).
   rC:        It protects you from cold.
   rCorr:     It protects you from acid and corrosion.
   Will:      It greatly increases your willpower.
 F - a +3 war axe
Armour
 c - a +0 buckler (worn)
 h - a +0 pair of boots (worn)
 i - a +1 cloak (worn)
 t - a +0 pair of gloves (worn)
 H - a +0 helmet (worn)
 P - +0 gold dragon scales (worn)
Jewellery
 e - a ring of fire
 n - a ring of protection from cold
 r - an amulet of the acrobat
 s - the amulet of Vitality (around neck) {Regen+ HP+15}
   (You found it on level 4 of the Dungeon)

   [amulet of regeneration]

   HP:        It affects your health (+15).
   Regen:     It increases your rate of health regeneration.
 G - the ring "Ropn" (left hand) {rElec rPois Str+6 Int+6}
   (You found it on level 6 of the Dungeon)

   [ring of strength]

   Str:       It affects your strength (+6).
   Int:       It affects your intelligence (+6).
   rElec:     It insulates you from electricity.
   rPois:     It protects you from poison.
 I - a ring of wizardry
 N - a +6 ring of dexterity (right hand)
 O - a +4 ring of evasion
 Q - a ring of flight
Wands
 K - a wand of mindburst (5)
 M - a wand of flame (12)
 U - a wand of acid (4)
 V - a wand of iceblast (1)
Scrolls
 f - 6 scrolls of teleportation
 g - 3 scrolls of vulnerability {unknown}
 k - a scroll of acquirement {unknown}
 l - 4 scrolls of blinking
 m - 5 scrolls of magic mapping {unknown}
 y - 2 scrolls of fear {unknown}
 A - 2 scrolls of brand weapon {unknown}
 C - 2 scrolls of fog {unknown}
 E - 2 scrolls of summoning {unknown}
 J - a scroll of holy word {unknown}
 L - a scroll of silence {unknown}
 R - a scroll of amnesia {unknown}
 S - 2 scrolls of enchant armour {unknown}
 T - a scroll of noise {unknown}
Potions
 a - a potion of lignification
 d - a potion of might
 j - 3 potions of mutation
 o - 3 potions of curing
 p - 2 potions of haste {unknown}
 q - 2 potions of ambrosia
 u - 2 potions of heal wounds {unknown}
 v - a potion of brilliance {unknown}
 w - 4 potions of flight {unknown}
 x - a potion of cancellation {unknown}
 z - 2 potions of degeneration {unknown}
 B - 2 potions of resistance {unknown}
 D - a potion of attraction {unknown}


   Skills:
 * Level 12.3 Fighting
 * Level 10.3 Axes
 + Level 9.1 Armour
 + Level 6.3 Dodging
 - Level 7.8 Shields
 * Level 11.0 Invocations


You had 12 spell levels left.
You didn't know any spells.
Your spell library contained the following spells:

 Spells                   Type           Power      Damage    Failure   Level
 Animate Skeleton         Necr           0%         N/A       100%        1
 Apportation              Tloc           0%         N/A       100%        1
 Beastly Appendage        Tmut           0%         N/A       100%        1
 Foxfire                  Conj/Fire      0%         2x1d4     100%        1
 Sting                    Tmut/Pois      0%         1d3       100%        1
 Summon Small Mammal      Summ           0%         N/A       100%        1
 Corpse Rot               Necr/Air       0%         N/A       100%        2
 Poisonous Vapours        Pois/Air       0%         N/A       100%        2
 Wereblood                Tmut           0%         N/A       100%        2
 Conjure Flame            Conj/Fire      0%         6-21      100%        3
 Inner Flame              Hex/Fire       0%         N/A       100%        3
 Spider Form              Tmut/Pois      0%         N/A       100%        3
 Dispel Undead            Necr           0%         3d6       100%        4
 Flame Wave               Conj/Fire      0%         2d4       100%        4
 Olgreb's Toxic Radiance  Pois           0%         N/A       100%        4
 Alistair's Intoxication  Tmut/Pois      0%         N/A       100%        5
 Death Channel            Necr           0%         N/A       100%        6
 Chain Lightning          Conj/Air       0%         N/A       100%        9
 Fire Storm               Conj/Fire      0%         5d1       100%        9
 Shatter                  Erth           0%         3d5*      100%        9


Dungeon Overview and Level Annotations

Branches:
Dungeon (12/15)            Temple (1/1) D:7            Lair (0/6) D:10
    Orc (0/2) D:11          Sewer (visited)

Altars:
Ashenzari
Cheibriados
Dithmenos
Elyvilon
Fedhas
Gozag
Hepliaklqana
Kikubaaqudgha
Makhleb
Nemelex Xobeh
Okawaru
Qazlal
Ru
Sif Muna
Trog
Uskayaw
Vehumet
Wu Jian
Xom
Yredelemnul
Zin
The Shining One

Annotations:
D:10 1 runed translucent door
D:11 Maurice


Innate Abilities, Weirdness & Mutations

You are immune to sickness and miasma.
Your stone body is resilient. (AC +9)
You are immune to poison.
You resist negative energy. (rN+)
You are resistant to electric shocks. (rElec)
You are resistant to unholy torment.
You are immune to petrification.


Message History

No target in view!
Unknown command.
No target in view!
Unknown command.
No target in view!
You climb downwards.
Level annotation: Maurice The boulder beetle curls into a ball and begins rolling!
The troll closely misses you. The troll claws you but does no damage.
The troll closely misses you.
There is a stone staircase leading up here.
You slash the two-headed ogre! You freeze the two-headed ogre.
The two-headed ogre is lightly wounded.
Maurice casts a spell.
Maurice blinks!
The two-headed ogre hits you with a +0 giant club. x2
You block the troll's attack.
The troll claws you but does no damage. x2
You hit the two-headed ogre. You freeze the two-headed ogre.
The two-headed ogre is moderately wounded.
The troll barely misses you. The troll claws you.
The troll claws you but does no damage. The two-headed ogre barely misses you.
The two-headed ogre hits you but does no damage.
The boulder beetle hits you!!
The boulder beetle stops rolling and uncurls.
The troll bites you but does no damage. The troll claws you but does no damage.
The troll claws you. You block Maurice's attack. The boulder beetle bites you!!
The two-headed ogre hits you but does no damage. x2
The troll bites you. The troll claws you but does no damage.
You block the troll's attack.
You climb upwards.
There is a stone staircase leading down here.
The two-headed ogre hits you with a +0 giant club!
* * * LOW HITPOINT WARNING * * *
The two-headed ogre hits you but does no damage.
Maurice barely misses you.
The boulder beetle curls into a ball and begins rolling!
As you read the scroll of teleportation, it crumbles to dust.
You feel strangely unstable. The boulder beetle hits you!!
You die...

###...##......##
..#....#.......#
..#....#.......#
..#....#.......#
..#....#.......#
..'...['....>.T#
..#....#[.....@#
###....##...##O#####
###....##...#..B@..#
#......##...#..###.#
#.^....##...#..# #.#
#......##...#..# #.#
#.....###...#..# #.#
#.....# #...#..# #.#
#.....# #...#..###.#
#.....# #####......#
#.....#
#..#....#######


You could see a boulder beetle (rolling) and a two-headed ogre.

Vanquished Creatures
  A yaktaur captain (D:11)
  The ghost of Grognak the Severer, a journeyman MiBe of Trog (D:10)
  3 boulder beetles
  2 ogre magi (D:10)
  A death knight (D:11)
  A dancing weapon (D:10)
  3 two-headed ogres
  An orc knight (D:10)
  The ghost of croobank the Skirmisher, a novice OpAK of Lugonu (D:6)
  3 manticores
  A gargoyle (D:11)
  A kobold demonologist (D:11)
  An efreet (D:11)
  2 yaktaurs (D:10)
  A tengu conjurer (D:10)
  5 trolls
  Prince Ribbit (D:9)
  A slime creature (D:10)
  A wraith (D:11)
  A wyvern (D:9)
  A shadow (D:9)
  6 yaks
  A steam dragon (D:8)
  3 vampire mosquitoes (D:11)
  3 water moccasins
  A meliai simulacrum (D:10)
  6 orc warriors
  3 ice beasts
  2 sky beasts
  2 black bears
  A hornet zombie (D:7)
  An ogre (D:6)
  A necrophage (D:8)
  3 centaurs
  2 phantoms (D:5)
  5 kobold brigands
  2 bullfrogs
  7 scorpions
  A water moccasin skeleton (D:6)
  8 wights
  7 howler monkeys
  6 centaur zombies
  A bullfrog zombie (D:7)
  A gnoll shaman (D:8)
  8 orc priests
  3 hounds
  2 jellies
  3 centaur skeletons
  10 orc wizards
  2 iguanas
  A spectral howler monkey (D:6)
  A howler monkey zombie (D:6)
  4 gnolls (D:8)
  A howler monkey skeleton (D:6)
  8 adders
  10 river rats
  A white imp (D:7)
  4 ufetubi
  An adder skeleton (D:4)
  3 worms
  3 dart slugs
  29 orcs
  9 ball pythons
  4 endoplasms
  4 giant cockroaches
  8 goblins
  5 hobgoblins
  9 jackals
  4 quokkas
  11 bats
  10 frilled lizards
  23 kobolds
  10 rats
297 creatures vanquished.

Vanquished Creatures (others)
  5 fungi (D:4)
  11 plants
16 creatures vanquished.

Grand Total: 313 creatures vanquished

Notes
Turn   | Place    | Note
-------+----------+-------------------------------------------
     0 | D:1      | HallandMoats the Gargoyle Fighter began the quest for the
                  | Orb.
     0 | D:1      | Reached XP level 1. HP: 14/14 MP: 1/1
   229 | D:1      | Reached XP level 2. HP: 16/19 MP: 2/2
   611 | D:1      | Reached XP level 3. HP: 18/24 MP: 3/3
  1200 | D:2      | Noticed a black bear
  1226 | D:2      | Killed a black bear
  1227 | D:2      | Reached skill level 4 in Fighting
  1227 | D:2      | Reached skill level 1 in Dodging
  1227 | D:2      | Reached XP level 4. HP: 20/29 MP: 4/4
  1227 | D:2      | Reached XP level 5. HP: 23/33 MP: 5/5
  2909 | D:4      | Identified the +7 long sword of Ohayw {freeze, rC+ Will++
                  | rCorr Int-3}
  2924 | D:4      | Found the amulet of Vitality {Regen+ HP+15}
  3158 | D:4      | Reached XP level 6. HP: 39/39 MP: 6/6
  3269 | D:4      | Reached skill level 5 in Fighting
  3621 | D:4      | Reached XP level 7. HP: 44/44 MP: 7/7
  3757 | D:5      | Entered Level 5 of the Dungeon
  3859 | D:5      | Reached skill level 6 in Fighting
  3859 | D:5      | Reached XP level 8. HP: 51/51 MP: 8/8
  3926 | D:5      | Found a glowing drain.
  3934 | Sewer    | Entered a sewer
  3983 | Sewer    | Reached skill level 5 in Armour
  4103 | Sewer    | Reached skill level 5 in Axes
  4103 | Sewer    | Reached skill level 5 in Shields
  4811 | D:5      | Reached skill level 7 in Fighting
  4883 | D:5      | Reached XP level 9. HP: 57/57 MP: 9/9
  5150 | D:6      | Found a runed translucent gate.
  5151 | D:6      | Found a runed translucent gate.
  5358 | D:6      | Identified the ring "Ropn" {rElec rPois Str+6 Int+6}
  5418 | D:6      | Reached skill level 8 in Fighting
  5419 | D:6      | Found a runed translucent gate.
  5426 | D:6      | Noticed croobank's ghost (novice OpAK)
  5974 | D:6      | Killed croobank's ghost
  6100 | D:7      | Reached XP level 10. HP: 65/65 MP: 10/10
  6349 | D:7      | Found a staircase to the Ecumenical Temple.
  6429 | Temple   | Entered the Ecumenical Temple
  6758 | Temple   | Became a worshipper of the Shining One
  6862 | D:7      | Reached skill level 9 in Fighting
  7387 | D:8      | Reached * piety under the Shining One
  8114 | D:9      | Noticed Prince Ribbit
  8125 | D:9      | Killed Prince Ribbit
  8188 | D:9      | Found a broken altar of Ashenzari.
  8201 | D:9      | Reached skill level 10 in Fighting
  8233 | D:9      | Found an ancient bone altar of Kikubaaqudgha.
  8679 | D:9      | Noticed a two-headed ogre
  8723 | D:9      | Killed a two-headed ogre
  8724 | D:9      | Reached skill level 5 in Dodging
  8724 | D:9      | Reached XP level 11. HP: 72/72 MP: 11/11
  8885 | D:10     | Entered Level 10 of the Dungeon
  8908 | D:10     | Noticed a two-headed ogre
  8915 | D:10     | Killed a two-headed ogre
  9072 | D:10     | Found a runed translucent door.
  9332 | D:10     | Noticed a boulder beetle
  9332 | D:10     | Reached ** piety under the Shining One
  9340 | D:10     | Noticed an orc knight
  9365 | D:10     | Noticed a manticore
  9383 | D:10     | Killed a boulder beetle
  9384 | D:10     | Reached skill level 1 in Invocations
  9593 | D:11     | Noticed a manticore
  9596 | D:11     | Noticed a boulder beetle
  9599 | D:11     | Killed a manticore
  9632 | D:11     | Killed a boulder beetle
  9698 | D:11     | Reached skill level 11 in Fighting
  9796 | D:10     | Killed an orc knight
  9827 | D:10     | Killed a manticore
  9976 | D:10     | Reached XP level 12. HP: 78/80 MP: 15/15
 10012 | D:10     | Found a shimmering altar of Xom.
 10012 | D:10     | Noticed Grognak's ghost (journeyman MiBe)
 10021 | D:10     | Noticed an ogre mage
 10028 | D:10     | Killed an ogre mage
 10079 | D:10     | Found a staircase to the Lair.
 10096 | D:10     | Noticed an ogre mage
 10105 | D:10     | Killed an ogre mage
 10246 | D:10     | Found a runed translucent door.
 10435 | D:10     | Reached skill level 10 in Invocations
 10435 | D:10     | Reached XP level 13. HP: 85/85 MP: 15/20
 10458 | D:10     | Killed Grognak's ghost
 10672 | D:11     | Found a staircase to the Orcish Mines.
 10763 | D:11     | Reached skill level 10 in Axes
 10956 | D:11     | Found a runed translucent door.
 11039 | D:11     | Reached skill level 12 in Fighting
 11039 | D:11     | Noticed a yaktaur captain
 11043 | D:11     | Reached *** piety under the Shining One
 11372 | D:11     | Killed a yaktaur captain
 11753 | D:12     | Noticed Maurice
 11769 | D:11     | Slain by a boulder beetle

Illustrated notes

Levels and vault maps discovered:
D:1:      co_arrival_random_square_maze, layout_rooms
D:2:      layout_basic, eino_tiny_chamber, minmay_pentomino_s2
D:3:      layout_basic
D:4:      old_forge, layout_loops_corners
D:5:      layout_gridville, lightli_sewer_entry_pipes
D:6:      layout_basic, gammafunk_ghost_necromancy, chequers_serial_rivers_marsh
D:7:      layout_loops_ring, minmay_temple_entry_arrows, minmay_misc_feat_rows
D:8:      layout_basic
D:9:      layout_basic, jmf_multi_god_temple, uniq_prince_ribbit1
D:10:     minmay_the_grid_four_pointed_star
          [minmay_the_grid_triangle_9x9_wacky_v,
          minmay_the_grid_triangle_9x9_swiss_cheese,
          minmay_the_grid_triangle_9x9_odd_lines,
          minmay_the_grid_triangle_9x9_subtriangle,
          minmay_the_grid_prize_four_corners], layout_loops_ring,
          lair_entry_dummy, ebering_ghost_xom, kennysheep_generic_room_8
D:11:     layout_basic, orc_0_dummy, lightli_airlock
D:12:     layout_long_grid, serial_shops, shop_fountains, minmay_pinched_square,
          uniq_maurice, uniq_josephine
Temple:   mainiacjoe_temple_cubbyholes

Skill      XL: |  1  2  3  4  5  6  7  8  9 10 11 12 13 |
---------------+----------------------------------------+-----
Axes           | 2 3 4 5 7 8 9 10 | 10.3
Fighting       | 4 5 6 7 8 10 11 12 | 12.3
Dodging        | 1 2 3 4 5 6 |  6.3
Armour         | 4 5 6 7 8 9 |  9.1
Shields        | 4 5 6 7 |  7.8
Invocations    | 4 10 11 | 11.0

Action                   |  1- 3 |  4- 6 |  7- 9 | 10-12 | 13-15 || total
-------------------------+-------+-------+-------+-------+-------++-------
Melee: War axe           |    92 |   115 |       |       |       ||   207
       Long sword        |       |    47 |   365 |   384 |   132 ||   928
  Use: Scroll            |       |       |       |     8 |     2 ||    10
       Potion            |       |       |       |     1 |       ||     1
Armor: Scale mail        |    65 |   103 |   156 |       |       ||   324
       Ring mail         |       |       |   121 |   167 |       ||   288
       Gold dragon scale |       |       |       |   209 |   165 ||   374
Dodge: Dodged            |    54 |    86 |   250 |   250 |    76 ||   716
Block: Buckler           |    25 |    44 |   114 |   171 |    71 ||   425

Table legend: (Time is in decaauts)
 A = Elapsed time spent in this place.
 B = Non-inter-level travel time spent in this place.
 C = Inter-level travel time spent in this place.
 D = Time resting spent in this place.
 E = Time spent auto-exploring this place.
 F = Levels seen in this place.
 G = Mean time per level.
                   A        B        C        D        E       F      G
               +--------+--------+--------+--------+--------+-----+--------+
         Total |  12436 |  11929 |    507 |    517 |   8390 |  14 |  888.3 |
       Dungeon |  11372 |  10929 |    443 |    517 |   7611 |  12 |  947.7 |
        Temple |    355 |    291 |     64 |      0 |    289 |   1 |  355.0 |
         Sewer |    708 |    708 |      0 |      0 |    490 |   1 |  708.0 |
               +--------+--------+--------+--------+--------+-----+--------+

Top non-repeatable levels by time:
    D:11: 1614 daAuts
    D:10: 1392 daAuts
     D:1: 1106 daAuts
     D:6: 1085 daAuts
     D:8: 1028 daAuts
     D:4: 1013 daAuts
     D:3: 940 daAuts
     D:2: 845 daAuts
     D:5: 812 daAuts
     D:9: 790 daAuts
     D:7: 732 daAuts
   Sewer: 708 daAuts
  Temple: 355 daAuts
    D:12: 10 daAuts
